 Dungeon Crawl Stone Soup version 0.28-a0-8-g6e044cfa68 (webtiles) character file.

Game seed: 913105123763472886

205 avis the Ruffian (level 5, -4/45 HPs)
             Began as a Hill Orc Transmuter on July 23, 2021.
             Slain by Duvessa (10 damage)
             ... on level 4 of the Dungeon.
             The game lasted 00:16:42 (5339 turns).

avis the Ruffian (Hill Orc Transmuter)              Turns: 5339, Time: 00:16:43

Health: -4/45      AC:  2    Str: 13    XL:     5   Next: 83%
Magic:  5/8        EV: 18    Int: 14    God:
Gold:   97         SH:  0    Dex: 16    Spells: 4/8 levels left

rFire   . . .      SeeInvis .     - Unarmed
rCold   . . .      Faith    .   (shield currently unavailable)
rNeg    . . .      Spirit   .   (armour currently unavailable)
rPois   x          Reflect  .   (helmet currently unavailable)
rElec   .          Harm     .   (cloak currently unavailable)
rCorr   .          Rampage  .   (gloves currently unavailable)
Will    .....                   (boots currently unavailable)
Stlth   +.........              (no amulet)
HPRegen 0.15/turn               (no ring)
MPRegen 0.11/turn               (no ring)

@: spider-form (expiring), hasted, very quick
A: venomous fangs, tiny
a: End Transformation


You were on level 4 of the Dungeon.
You were a venomous arachnid creature.
You visited 1 branch of the dungeon, and saw 4 of its levels.

You collected 97 gold pieces.

Inventory:

Hand Weapons
 a - a +0 dagger of speed (melded)
 b - a +0 hunting sling
Missiles
 c - 86 stones
 j - 10 poisoned darts
 q - a throwing net
 r - 2 boomerangs
Armour
 g - a +0 ring mail
 k - a +0 robe
 m - a +0 leather armour (melded)
 n - a +0 ring mail
Magical Staves
 p - a staff of air
Scrolls
 e - a scroll of identify {unknown}
 f - a scroll of noise {unknown}
 h - a scroll of holy word {unknown}
 i - a scroll of enchant weapon {unknown}
Potions
 d - a potion of ambrosia {unknown}
 l - 2 potions of haste
 o - a potion of curing {unknown}


   Skills:
 - Level 3.0 Fighting
 - Level 1.5 Dodging
 - Level 5.0 Unarmed Combat
 - Level 2.0 Spellcasting
 * Level 2.1 Transmutations
 - Level 2.0 Poison Magic


You had 4 spell levels left.
You knew the following spells:

 Your Spells              Type           Power      Damage    Failure   Level
a - Beastly Appendage     Tmut           14%        N/A       24%         1
p - Spider Form           Tmut/Pois      3%         N/A       52%         3

Your spell library contained the following spells:

 Spells                   Type           Power      Damage    Failure   Level
 Wereblood                Tmut           7%         N/A       34%         2
 Ice Form                 Ice/Tmut       4%         N/A       94%         4


Dungeon Overview and Level Annotations

Branches:
Dungeon (4/15)
 Temple: D:4-7

Altars:

Annotations:
D:4 Dowan, Duvessa


Message History

Your hands tingle!
You start resting.
Magic restored.
You start resting.
You are no longer glowing.
You start resting.
HP restored.
Casting: Spider Form (quite dangerous; 36% risk of failure)
Confirm with . or Enter, or press ? or * to list all spells.
The spell is quite dangerous to cast (36% risk of failure)!
Continue anyway?
You turn into a venomous arachnid creature.
Your +0 dagger of speed melds into your body.
Your +0 leather armour melds into your body.
You climb downwards.
Level annotation: Dowan, Duvessa Your transformation is almost over.
Duvessa hits you with a +0 short sword!
There is a stone staircase leading up, spattered with blood here.
You hit Duvessa but do no damage.
Duvessa is poisoned.
Duvessa is lightly wounded.
Duvessa hits you with a +0 short sword.
You bite Dowan!
Dowan is poisoned.
Dowan is moderately wounded.
Duvessa hits you with a +0 short sword! Dowan completely misses you.
You hit Duvessa but do no damage.
Duvessa looks as sick as possible!
Duvessa is lightly wounded.
Duvessa hits you with a +0 short sword!
* * * LOW HITPOINT WARNING * * *
Dowan hits you with a +0 dagger.
* * * LOW HITPOINT WARNING * * *
You bite Dowan!
Dowan is severely wounded.
Duvessa closely misses you. Dowan casts a spell at you.
The puff of frost hits you.
* * * LOW HITPOINT WARNING * * *
Okay, then.
It was a potion of haste.
You feel yourself speed up. Duvessa hits you with a +0 short sword!
You die...

. .# . ...
..## ....
.....## .....
#..e##....#
#..se...#
.......##..##
###...# .#
###. # #


You could see Duvessa (extremely poisoned) and Dowan (very poisoned).

Vanquished Creatures
  A jelly (D:3)
  3 gnolls (D:3)
  5 adders
  A worm (D:2)
  A dart slug (D:3)
  6 orcs (D:3)
  5 bats
  6 endoplasms
  4 giant cockroaches
  12 goblins
  5 hobgoblins
  12 jackals
  4 quokkas
  8 ball pythons
  5 frilled lizards
  3 kobolds
  4 rats
85 creatures vanquished.

Vanquished Creatures (others)
  7 toadstools (D:1)
7 creatures vanquished.

Grand Total: 92 creatures vanquished

Notes
Turn   | Place    | Note
-------+----------+-------------------------------------------
     0 | D:1      | avis the Hill Orc Transmuter began the quest for the Orb.
     0 | D:1      | Reached XP level 1. HP: 16/16 MP: 3/3
   546 | D:1      | Reached XP level 2. HP: 17/23 MP: 2/4
  1239 | D:1      | Reached skill level 4 in Unarmed Combat
  1313 | D:1      | Reached XP level 3. HP: 28/28 MP: 3/5
  1332 | D:1      | Learned a level 3 spell: Spider Form
  2078 | D:2      | Reached skill level 1 in Poison Magic
  2156 | D:2      | Reached XP level 4. HP: 22/36 MP: 4/6
  3377 | D:2      | Reached XP level 5. HP: 24/41 MP: 8/8
  3916 | D:3      | Reached skill level 5 in Unarmed Combat
  3923 | D:3      | Found a faded altar of an unknown god.
  4784 | D:4      | Noticed Duvessa
  4784 | D:4      | Noticed Dowan
  5339 | D:4      | Slain by Duvessa

Illustrated notes

Levels and vault maps discovered:
D:1:      nagdon_arrival_zigzag_paths, layout_basic,
          minmay_misc_feat_secret_circle, st_stairs_5, minmay_misc_feat_iff
D:2:      layout_loops_ring, minmay_pentomino_r2
D:3:      layout_basic, chequers_ecumenical_altar_simple_redux, minivault_25,
          kennysheep_generic_room_15
D:4:      layout_layer_cave, uniq_duvessa, uniq_pikel

Skill      XL: |  1  2  3  4  5 |
---------------+----------------+-----
Transmutations | 2 |  2.1
Unarmed Combat | 4 5 |  5.0
Fighting       | 2 3 |  3.0
Poison Magic   | 1 2 |  2.0
Spellcasting   | 2 |  2.0
Dodging        | |  1.5

Action                   |  1- 3 |  4- 6 || total
-------------------------+-------+-------++-------
Melee: Unarmed           |    98 |   100 ||   198
       Kick              |    25 |    14 ||    39
       Headbutt          |     8 |    10 ||    18
       Punch             |     1 |     2 ||     3
       Dagger            |       |    55 ||    55
 Fire: Hunting sling     |       |    14 ||    14
 Cast: Beastly Appendage |    26 |    19 ||    45
       Spider Form       |       |     7 ||     7
  Use: Potion            |       |     1 ||     1
 Stab: Sleeping          |       |     1 ||     1
Armor: Robe              |    16 |    12 ||    28
       Leather armour    |       |     8 ||     8
       Skin              |       |     5 ||     5
Dodge: Dodged            |    52 |    96 ||   148

Table legend: (Time is in decaauts)
 A = Elapsed time spent in this place.
 B = Non-inter-level travel time spent in this place.
 C = Inter-level travel time spent in this place.
 D = Time resting spent in this place.
 E = Time spent auto-exploring this place.
 F = Levels seen in this place.
 G = Mean time per level.
                   A        B        C        D        E       F      G
               +--------+--------+--------+--------+--------+-----+--------+
         Total |   5308 |   5033 |    275 |   2367 |   1933 |   4 | 1327.0 |
       Dungeon |   5308 |   5033 |    275 |   2367 |   1933 |   4 | 1327.0 |
               +--------+--------+--------+--------+--------+-----+--------+

Top non-repeatable levels by time:
     D:1: 1965 daAuts
     D:2: 1947 daAuts
     D:3: 1368 daAuts
     D:4: 27 daAuts
